 Seeded DCSS version 0.29-a0-559-g359e09b9d1 (webtiles) character file.

Game seed: 20220609 (custom seed)

2716 Kazon the Skirmisher (level 9, -5/48 HPs)
             Began as a Vine Stalker Fighter on June 9, 2022.
             Was a Believer of Makhleb.
             Slain by a two-headed ogre
             ... wielding a +0 giant club
              (11 damage)
             ... while petrified by a basilisk
             ... on level 7 of the Dungeon.
             The game lasted 00:23:08 (4570 turns).

Kazon the Skirmisher (Vine Stalker Fighter)         Turns: 4570, Time: 00:23:09

Health: -5/48      AC:  7    Str: 33    XL:     9   Next: 66%
Magic:  0/13       EV:  2    Int:  8    God:    Makhleb [**....]
Gold:   98         SH:  0    Dex: 27    Spells: 8/8 levels left

rFire   . . .      SeeInvis +   f - +4 rapier "Grom" {flame, Str+7 Dex+4}
rCold   . . .      Faith    .   c - +0 buckler
rNeg    + + +      Spirit   +   n - +4 robe "Cuadoc" {Slay+6 SInv}
rPois   ∞          Reflect  .   j - +0 helmet
rElec   .          Harm     .   (no cloak)
rCorr   .          Rampage  .   (no gloves)
Will    +....                   (no boots)
Stlth   ++++......              D - amulet "Mung" {rN+ Regen+}
HPRegen 1.76/turn               k - +6 ring of strength
MPRegen 0.13/turn               v - +6 ring of dexterity

@: petrified
A: fangs 3, regeneration 1, magic shield, antimagic bite, no potion heal 2
a: Renounce Religion, Minor Destruction


You were on level 7 of the Dungeon.
You worshipped Makhleb.
Makhleb was pleased with you.
You visited 2 branches of the dungeon, and saw 8 of its levels.

You collected 316 gold pieces.
You spent 218 gold pieces at shops.

Inventory:

Hand Weapons
 a - a +0 long sword
 f - the +4 rapier "Grom" (weapon) {flame, Str+7 Dex+4}
   (You bought it in a shop on level 6 of the Dungeon)

   It burns those it strikes, dealing additional fire damage.
   Str:       It affects your strength (+7).
   Dex:       It affects your dexterity (+4).
 J - a +0 vampiric whip
Missiles
 h - 274 stones (quivered)
 x - 4 boomerangs
 H - 3 poisoned darts
Armour
 c - a +0 buckler (worn)
 j - a +0 helmet (worn)
 n - the +4 robe "Cuadoc" (worn) {Slay+6 SInv}
   (You found it on level 2 of the Dungeon)

   Slay:      It affects your accuracy & damage with ranged weapons and melee
   (+6).
   SInv:      It lets you see invisible.
 y - a +2 robe of cold resistance
 z - a +3 leather armour of poison resistance
 G - a +2 robe of fire resistance
Jewellery
 k - a +6 ring of strength (left hand)
 v - a +6 ring of dexterity (right hand)
 D - the amulet "Mung" (around neck) {rN+ Regen+}
   (You found it on level 5 of the Dungeon)

   [amulet of regeneration]

   rN:        It protects you from negative energy.
   Regen:     It increases your rate of health regeneration.
 E - a ring of protection from cold
Wands
 b - a wand of flame (11)
 A - a wand of acid (6)
Scrolls
 e - 6 scrolls of teleportation
 g - 5 scrolls of identify {unknown}
 i - 3 scrolls of noise {unknown}
 m - a scroll of amnesia {unknown}
 o - a scroll of enchant armour {unknown}
 r - a scroll of fog {unknown}
 s - 2 scrolls of fear {unknown}
 F - 4 scrolls of blinking {unknown}
 I - 2 scrolls of poison {unknown}
Potions
 d - 2 potions of might
 l - 2 potions of resistance {unknown}
 p - a potion of mutation {unknown}
 q - 5 potions of curing {unknown}
 t - a potion of heal wounds
 u - a potion of cancellation {unknown}
 w - 3 potions of flight {unknown}
 B - a potion of haste
 C - a potion of brilliance {unknown}


   Skills:
 * Level 5.7 Fighting
 + Level 1.2(3.7) Short Blades
 + Level 5.6(5.7) Long Blades
 + Level 2.0 Maces & Flails
 + Level 1.7 Throwing
 + Level 2.8 Armour
 + Level 3.3 Dodging
 + Level 4.7 Stealth
 + Level 3.8 Shields
 * Level 4.5 Invocations
 * Level 3.5 Evocations


You had 8 spell levels left.
You didn't know any spells.
Your spell library contained the following spells:

 Spells                   Type           Power      Damage    Failure   Level
 Call Canine Familiar     Summ           0%         N/A       86%         3
 Portal Projectile        Hex/Tloc       0%         N/A       86%         3
 Stone Arrow              Conj/Erth      0%         3d7       86%         3
 Animate Armour           Summ/Erth      0%         N/A       99%         4
 Leda's Liquefaction      Hex/Erth       0%         N/A       99%         4
 Lehudib's Crystal Spear  Conj/Erth      0%         10d2      100%        8


Dungeon Overview and Level Annotations

Branches:
Dungeon (7/15)             Temple (1/1) D:4

Altars:
Ashenzari
Elyvilon
Gozag
Hepliaklqana
Kikubaaqudgha
Makhleb
Okawaru
Xom

Shops:
D:1 *   D:2 [   D:6 !!(((

Annotations:
D:6 3 runed translucent doors, turdburglar's ghost, novice DrCj


Innate Abilities, Weirdness & Mutations

You have razor-sharp teeth.
Your natural rate of healing is unusually fast.
When hurt, damage is shared between your health and your magic reserves.
Your bite disrupts and absorbs the magic of your enemies.
Potions cannot restore your health.


Message History

The ice beast is moderately wounded.
The ice beast closely misses you.
You puncture the ice beast!
You melt the ice beast!
You kill the ice beast!
Makhleb accepts your kill.
Your Maces & Flails skill increases to level 2!
A scorpion comes into view.
A shadow imp comes into view.
A two-headed ogre comes into view. It is wielding two +0 giant clubs.
The scorpion moves out of view.
Items here: ( )) [ ††.
The basilisk gazes at you.
You easily resist.
The gnoll shaman shouts!
The two-headed ogre shouts in stereo!
The basilisk gazes at you.
You are slowing down.
Your limbs are stiffening.
There is a stone staircase leading up here.
You have turned to stone.
The hound barks!
You hear a shout!
The gnoll shaman drinks a potion.
The gnoll shaman seems to speed up.
The basilisk bites you! The hound bites you. The basilisk bites you.
The two-headed ogre completely misses you.
The two-headed ogre hits you with a +0 giant club!!
The hound barely misses you. The basilisk gazes at you.
You easily resist.
The hound bites you but does no damage.
The two-headed ogre hits you with a +0 giant club.
The two-headed ogre hits you with a +0 giant club!!
The hound bites you. The basilisk gazes at you.
You easily resist.
The hound bites you but does no damage. The basilisk gazes at you.
The two-headed ogre hits you with a +0 giant club!! x2
* * * LOW HITPOINT WARNING * * *
The hound barely misses you. The hound bites you but does no damage.
The basilisk bites you!
* * * LOW HITPOINT WARNING * * *
The two-headed ogre hits you with a +0 giant club!!
You die...

...# #
...#### #.
......
#.####....###
#............
.........[.
#.........
#.@.>.....
###Olh..#.##
#...gT..# #
#..##H....#.#
#..#
#†......# ##
#.......#
#).#.##.#
#(.#......
#....#......


You could see a two-headed ogre, a manticore, a troll, a basilisk, a gnoll
shaman (fast) and a hound.

Vanquished Creatures
  Pikel (D:5)
  Eustachio (D:4)
  Duvessa (D:4)
  3 black bears
  An ice beast (D:7)
  2 ogres
  A sky beast (D:6)
  A centaur (D:6)
  A lemure (D:5)
  A kobold brigand (D:7)
  3 bullfrogs
  3 scorpions
  Dowan (D:4)
  A howler monkey (D:5)
  5 hounds
  2 jellies
  An orc priest (D:6)
  3 gnoll shamans
  An iguana (D:6)
  7 orc wizards
  8 gnolls
  5 adders
  A shadow imp (D:6)
  A white imp (D:7)
  3 ufetubi
  4 dart slugs
  21 orcs
  8 bats
  9 endoplasms
  3 giant cockroaches
  5 goblins
  10 hobgoblins
  7 jackals (D:4)
  3 quokkas
  7 ball pythons
  5 frilled lizards
  9 kobolds
  4 rats
153 creatures vanquished.

Vanquished Creatures (others)
  2 plants (D:7)
2 creatures vanquished.

Grand Total: 155 creatures vanquished

Notes
Turn   | Place    | Note
-------+----------+-------------------------------------------
     0 | D:1      | Kazon the Vine Stalker Fighter began the quest for the Orb.
     0 | D:1      | Reached XP level 1. HP: 11/11 MP: 2/2
    72 | D:1      | Reached XP level 2. HP: 14/16 MP: 1/3
   370 | D:1      | Reached XP level 3. HP: 20/20 MP: 4/4
   430 | D:1      | Found Tapsol's General Store.
   974 | D:2      | Found an iron altar of Okawaru.
  1088 | D:2      | Found a faded altar of an unknown god.
  1099 | D:2      | Reached skill level 1 in Dodging
  1270 | D:2      | Gained mutation: Your natural rate of healing is unusually
                  | fast. [Vine Stalker growth]
  1270 | D:2      | Reached XP level 4. HP: 20/24 MP: 5/5
  1302 | D:2      | Found Esoer's Armour Boutique.
  1395 | D:2      | Identified the +4 robe "Cuadoc" {Slay+6 SInv}
  1734 | D:4      | Noticed Duvessa
  1734 | D:4      | Noticed Dowan
  2215 | D:3      | Reached XP level 5. HP: 28/28 MP: 6/6
  2299 | D:4      | Found a staircase to the Ecumenical Temple.
  2311 | Temple   | Entered the Ecumenical Temple
  2335 | Temple   | Became a worshipper of Makhleb the Destroyer
  2715 | D:4      | Killed Duvessa
  2716 | D:4      | Reached skill level 1 in Stealth
  2716 | D:4      | Reached skill level 1 in Invocations
  2716 | D:4      | Reached XP level 6. HP: 15/33 MP: 4/7
  2719 | D:4      | Killed Dowan
  2806 | D:4      | Reached skill level 1 in Throwing
  2814 | D:4      | Reached XP level 7. HP: 37/37 MP: 9/9
  2864 | D:4      | Noticed Eustachio
  2915 | D:4      | Killed Eustachio
  2915 | D:4      | Reached * piety under Makhleb
  3114 | D:5      | Entered Level 5 of the Dungeon
  3314 | D:5      | Identified the amulet "Mung" {rN+ Regen+}
  3354 | D:5      | Gained mutation: You have razor-sharp teeth. [Vine Stalker
                  | growth]
  3354 | D:5      | Reached XP level 8. HP: 42/42 MP: 10/10
  3425 | D:5      | Reached skill level 1 in Evocations
  3513 | D:5      | Noticed Pikel
  3531 | D:5      | Killed Pikel
  3532 | D:5      | Reached skill level 5 in Fighting
  3532 | D:5      | Reached skill level 5 in Long Blades
  3819 | D:5      | Noticed a yak
  3879 | D:5      | Reached XP level 9. HP: 45/47 MP: 10/12
  4031 | D:6      | Found a runed translucent gate.
  4031 | D:6      | Found a runed translucent gate.
  4031 | D:6      | Found a runed translucent gate.
  4031 | D:6      | Found Tehaqowkut's Antique Weapon Shoppe.
  4032 | D:6      | Found an opulent altar of Gozag.
  4034 | D:6      | Noticed turdburglar's ghost (novice DrCj)
  4035 | D:6      | Noticed an unseen horror
  4052 | D:6      | Reached ** piety under Makhleb
  4053 | D:6      | Bought a sapphire rapier for 207 gold pieces
  4053 | D:6      | Identified the +4 rapier "Grom" {flame, Str+7 Dex+4} (You
                  | bought it in a shop on level 6 of the Dungeon)
  4101 | D:6      | Found Edeefuo's Weapon Shop.
  4116 | D:6      | Reached skill level 1 in Maces & Flails
  4177 | D:6      | Found Palini's Antique Weapon Shop.
  4230 | D:6      | Found Uwyo's Distillery.
  4237 | D:6      | Found Uvuiri's Distillery.
  4238 | D:6      | Bought a potion of degeneration for 11 gold pieces
  4543 | D:7      | Noticed a manticore
  4552 | D:7      | Reached skill level 1 in Short Blades
  4556 | D:7      | Noticed a two-headed ogre
  4565 | D:7      | Noticed a troll
  4570 | D:7      | Slain by a two-headed ogre

Illustrated notes

Levels and vault maps discovered:
D:1:      lordsloth_arrival_two_stooges, layout_basic, serial_shops,
          shop_fountains
D:2:      layout_loops_ring, serial_shops, nicolae_shop_crystal, basic_altar,
          ebering_ecumenical_altar_box
D:3:      minmay_diamond_boxcup, layout_rooms, minivault_25,
          minmay_misc_feat_five, minmay_misc_feat_room
D:4:      layout_gridville, minmay_temple_entry_trees,
          kennysheep_generic_room_2, uniq_eustachio, uniq_duvessa
D:5:      layout_basic, lightli_corner_chamber, uniq_pikel
D:6:      layout_rooms, ebering_ghost_gozag, serial_shops, shop, shop,
          nicolae_stop_n_shop_1, nicolae_diamond_shop,
          nicolae_shop_advertising_works [nicolae_subvault_shop_adworks],
          minmay_bent
D:7:      minmay_the_grid_square_5x5_3x3 [minmay_the_grid_square_5x5_seven,
          minmay_the_grid_square_5x5_six,
          minmay_the_grid_square_5x5_eight_small,
          minmay_the_grid_square_5x5_inset,
          minmay_the_grid_square_5x5_megaprize_checkered,
          minmay_the_grid_square_5x5_n_small,
          minmay_the_grid_square_5x5_doubleslash,
          minmay_the_grid_square_5x5_moneybag,
          minmay_the_grid_square_5x5_percent], layout_loops_cross,
          lemuel_round_altar, nicolae_grassy_gnolls
Temple:   minmay_crystal_snake_temple

Skill      XL: |  1  2  3  4  5  6  7  8  9 |
---------------+----------------------------+-----
Fighting       | 3 4 5 |  5.7
Long Blades    | 2 3 4 5 |  5.6
Dodging        | 1 2 3 |  3.3
Shields        | 3 |  3.8
Stealth        | 1 3 4 |  4.7
Invocations    | 1 2 3 4 |  4.5
Throwing       | 1 |  1.7
Evocations     | 2 3 |  3.5
Maces & Flails | 2 |  2.0
Short Blades   | 1 |  1.2
Armour         | |  2.8

Action                   |  1- 3 |  4- 6 |  7- 9 || total
-------------------------+-------+-------+-------++-------
Melee: Long sword        |    76 |    99 |    55 ||   230
       Bite              |    14 |    23 |    44 ||    81
       Whip              |       |       |    38 ||    38
       Rapier            |       |       |    48 ||    48
Throw: Stone             |     7 |    36 |    34 ||    77
       Boomerang         |       |       |     2 ||     2
  Use: Potion            |       |     1 |       ||     1
       Scroll            |       |       |     1 ||     1
 Stab: Sleeping          |       |     4 |     5 ||     9
Armor: Scale mail        |    25 |     6 |       ||    31
       Robe              |       |    28 |    45 ||    73
Dodge: Dodged            |    25 |    53 |   101 ||   179
Block: Buckler           |    11 |    25 |    45 ||    81

Table legend: (Time is in decaauts)
 A = Elapsed time spent in this place.
 B = Non-inter-level travel time spent in this place.
 C = Inter-level travel time spent in this place.
 D = Time resting spent in this place.
 E = Time spent auto-exploring this place.
 F = Levels seen in this place.
 G = Mean time per level.
                   A        B        C        D        E       F      G
               +--------+--------+--------+--------+--------+-----+--------+
         Total |   4652 |   4505 |    147 |      6 |   1669 |   8 |  581.5 |
       Dungeon |   4606 |   4480 |    126 |      6 |   1669 |   7 |  658.0 |
        Temple |     45 |     24 |     21 |      0 |      0 |   1 |   45.0 |
               +--------+--------+--------+--------+--------+-----+--------+

Top non-repeatable levels by time:
     D:1: 1042 daAuts
     D:5: 909 daAuts
     D:4: 795 daAuts
     D:2: 668 daAuts
     D:3: 628 daAuts
     D:6: 522 daAuts
  Temple: 45 daAuts
     D:7: 39 daAuts
